 Dungeon Crawl Stone Soup version 0.29.1-15-g9cfb28693d (webtiles) character file.

Game seed: 13035021554356693575

154 GigaChad the Shield-Bearer (level 5, -2/47 HPs)
             Began as a Minotaur Fighter on Mar 12, 2023.
             Succumbed to a gnoll's poison
             ... on level 4 of the Dungeon.
             The game lasted 00:05:09 (2674 turns).

GigaChad the Shield-Bearer (Minotaur Fighter)       Turns: 2674, Time: 00:05:10

Health: -2/47      AC:  7    Str: 23    XL:     5   Next: 13%
Magic:  4/4        EV:  9    Int:  5    God:
Gold:   269        SH:  4    Dex:  9    Spells: 4/4 levels left

rFire   . . .      SeeInvis .   a - +1 war axe
rCold   . . .      Faith    .   c - +0 buckler
rNeg    . . .      Spirit   .   b - +0 scale mail
rPois   .          Reflect  .   (helmet restricted)
rElec   .          Harm     .   (no cloak)
rCorr   .          Rampage  .   (no gloves)
Will    .....                   (no boots)
Stlth   ..........              (no amulet)
HPRegen 0.15/turn               (no ring)
MPRegen 0.09/turn               (no ring)

@: lethally poisoned (-2 -> -18)
A: horns 2, retaliatory headbutt
a: no special abilities


You were on level 4 of the Dungeon.
You visited 1 branch of the dungeon, and saw 4 of its levels.

You collected 269 gold pieces.

Inventory:

Hand Weapons
 a - a +1 war axe (weapon)
Armour
 b - a +0 scale mail (worn)
 c - a +0 buckler (worn)
Jewellery
 i - a ring of positive energy
 o - a ring of willpower
 t - a ring of protection from fire
Scrolls
 f - 2 scrolls of fog {unknown}
 g - 3 scrolls of identify
 l - 3 scrolls of poison
 n - 4 scrolls of teleportation
 p - a scroll of amnesia {unknown}
 r - a scroll of enchant armour {unknown}
Potions
 d - 2 potions of might
 e - a potion of lignification {unknown}
 h - a potion of heal wounds {unknown}
 j - a potion of degeneration {unknown}
 k - a potion of curing {unknown}
 m - 2 potions of invisibility {unknown}
 q - a potion of mutation {unknown}


   Skills:
 * Level 4.3 Fighting
 + Level 3.7 Axes
 * Level 4.7 Armour
 * Level 1.0 Dodging
 - Level 0.1 Stealth
 * Level 4.8 Shields


You had 4 spell levels left.
You didn't know any spells.
Your spell library contained the following spells:

 Spells                   Type           Power      Damage    Failure   Level
 Freeze                   Ice            0%         1d3       86%         1
 Conjure Flame            Conj/Fire      0%         6-21      99%         3
 Frozen Ramparts          Ice            0%         1d1       99%         3
 Ignite Poison            Fire/Tmut/Pois 0%         N/A       99%         3
 Hailstorm                Conj/Ice       0%         3d3       100%        4
 Sticky Flame             Conj/Fire      0%         2d3       100%        4


Dungeon Overview and Level Annotations

Branches:
Dungeon (4/15)
 Temple: D:4-7

Altars:
Elyvilon
Hepliaklqana
Nemelex Xobeh
Vehumet


Innate Abilities, Weirdness & Mutations

You have a pair of horns on your head.
You reflexively headbutt those who attack you in melee.


Message History

You kill the gnoll!
You hit the gnoll bouda. You headbutt the gnoll bouda.
The gnoll bouda is heavily wounded.
The gnoll bouda gazes fiercely through you!
You feel as though you will be weak longer.
The gnoll bouda hits you but does no damage.
You block the gnoll bouda's attack.
You hit the gnoll bouda but do no damage.
You headbutt the gnoll bouda.
The gnoll bouda is severely wounded.
You block the gnoll bouda's attack.
You hit the gnoll bouda.
You kill the gnoll bouda!
The gnoll hits you with a +0 flail.
Your Dodging skill increases to level 1!
You have reached level 5!
You slash the gnoll! You headbutt the gnoll.
You kill the gnoll!
Items here: ))) [ †.
A gnoll comes into view. It is wielding a +1 halberd of venom.
The gnoll shouts!
You see here 7 gold pieces.
The gnoll closely misses you.
You see here 7 gold pieces.
The gnoll barely misses you.
You barely miss the gnoll.
Your attacks no longer feel as feeble.
The gnoll hits you with a +1 halberd of venom!
You are lethally poisoned!
You barely miss the gnoll. You headbutt the gnoll.
The gnoll is moderately wounded.
* * * LOW HITPOINT WARNING * * *
You feel extremely sick. The gnoll barely misses you.
The gnoll hits you with a +1 halberd of venom!
* * * LOW HITPOINT WARNING * * *
Unknown command.
You slash the gnoll!
You kill the gnoll!
You die...

...>........##.##.##.#
#####.......#..#8.8#.#
#.......#.###.##.#
#.......#.# #.##.#
#.##......###.##.#
#.##...#####8.8#.#
#.###### # ##.####
#####.#
##8##8##.##8##8#
......+
......)@$.......
....>.#
##8##8##.##8##8#
########## ######.## #
# #.###.#.#8.8#
#.).....##.##
########.###.#.##.##
.........# #.#.#8.8#
########## #.#.##)## #
#...##.##


There were no monsters in sight!

Vanquished Creatures
  A gnoll bouda (D:4)
  4 gnolls
  2 adders
  A worm (D:2)
  2 dart slugs (D:3)
  3 orcs
  3 ball pythons
  11 endoplasms
  4 giant cockroaches
  6 goblins
  6 hobgoblins
  3 jackals (D:2)
  5 bats
  2 frilled lizards
  7 kobolds
  5 rats
65 creatures vanquished.

Notes
Turn   | Place    | Note
-------+----------+-------------------------------------------
     0 | D:1      | GigaChad the Minotaur Fighter began the quest for the Orb.
     0 | D:1      | Reached XP level 1. HP: 19/19 MP: 0/0
   357 | D:1      | Reached XP level 2. HP: 25/27 MP: 1/1
   735 | D:2      | Found a faded altar of an unknown god.
   803 | D:2      | Reached XP level 3. HP: 31/33 MP: 2/2
  1571 | D:3      | Reached XP level 4. HP: 39/40 MP: 3/3
  1611 | D:3      | Found a radiant altar of Vehumet.
  1746 | D:3      | Found a sparkling altar of Nemelex Xobeh.
  2299 | D:4      | Found a hazy altar of Hepliaklqana.
  2409 | D:4      | Found a white marble altar of Elyvilon.
  2660 | D:4      | Reached skill level 1 in Dodging
  2660 | D:4      | Reached XP level 5. HP: 27/47 MP: 4/4
  2673 | D:4      | HP: 2/47 [gnoll/+1 halberd of venom[a gnoll bouda] (10)]
  2674 | D:4      | Succumbed to a gnoll's poison

Illustrated notes

Levels and vault maps discovered:
D:1:      saegor_arrival_simple_c, layout_loops_cross
D:2:      layout_basic, chequers_ecumenical_altar_simple, minmay_pentomino_t2
D:3:      layout_rooms, mainiacjoe_overflow_brackets, nemelex_spade_bored_becter
D:4:      layout_loops_ring, mainiacjoe_overflow_boulevard,
          nicolae_elyvilon_peaceful_grove, dk_noncrumbling_2, item_on_display_a

Skill      XL: |  1  2  3  4 |
---------------+-------------+-----
Fighting       | 4 |  4.3
Shields        | 4 |  4.8
Armour         | 4 |  4.7
Axes           | 3 |  3.7
Dodging        | 1 |  1.0
Stealth        | |  0.1

Action                   |  1- 3 |  4- 6 || total
-------------------------+-------+-------++-------
Melee: War axe           |    73 |    50 ||   123
       Headbutt          |    13 |     9 ||    22
  Use: Scroll            |       |     6 ||     6
Armor: Scale mail        |    49 |    16 ||    65
Dodge: Dodged            |    45 |    18 ||    63
Block: Buckler           |    11 |     9 ||    20
